[Event "December 19 Late 2023"]
[Site "https://www.chess.com"]
[Date "2023.12.19"]
[Round "7"]
[White "Rogov, Matfey"]
[Black "Boyer, Mahel"]
[Result "1-0"]
[Board "42"]
[TimeControl "180+1"]
[WhiteFideId "44191308"]
[BlackFideId "45102422"]
[WhiteElo "2057"]
[BlackElo "2449"]
[WhiteTeam "RUS"]
[BlackTeam "FRA"]
[WhiteClock "0:00:21"]
[BlackClock "0:00:13"]

1. Nc3 d5 2. d4 Bf5 3. f3 Bg6 4. h4 Nf6 5. Bg5 h6 6. Bxf6 exf6 7. h5 Bh7 8. e3 Bd6 9. f4 c6 10. Bd3 Qe7 11. Rh3 Bxf4 12. Bxh7 Bxe3 13. Nge2 Bg5 14. Bf5 Na6 15. Qd3 Nb4 16. Qf3 O-O 17. a3 Na6 18. Kf1 Rfe8 19. Nf4 Nc7 20. Qf2 Qd6 21. Rf3 Re7 22. Nh3 Rae8 23. Nxg5 fxg5 24. g4 b5 25. Kg2 a5 26. Qg3 Qd8 27. Raf1 b4 28. axb4 axb4 29. Nd1 Nb5 30. c3 bxc3 31. bxc3 Qa5 32. Bd3 Nd6 33. Qxd6 Qa1 34. R3f2 Qc1 35. Qg3 f6 36. Bg6 Ra8 37. Qd3 Kf8 38. Re2 Raa7 39. Rfe1 Qf4 40. Qg3 f5 41. Qxf4 gxf4 42. Rxe7 Rxe7 43. Rxe7 Kxe7 44. gxf5 Kf6 45. Kf3 c5 46. dxc5 Kg5 47. Nf2 d4 48. Ne4+ Kh4 49. cxd4 Kh3 50. c6 Kh4 51. c7 Kh3 52. c8=Q Kh2 53. Qc2+ 1-0

[Event "December 19 Late 2023"]
[Site "https://www.chess.com"]
[Date "2023.12.19"]
[Round "7"]
[White "Yagupov, Igor"]
[Black "Sun, Rick"]
[Result "0-1"]
[Board "43"]
[TimeControl "180+1"]
[WhiteFideId "4113632"]
[BlackFideId "30909481"]
[WhiteElo "2179"]
[BlackElo "2169"]
[WhiteTeam "RUS"]
[BlackTeam "USA"]
[WhiteClock "0:00:00"]
[BlackClock "0:00:03"]

1. e4 d6 2. d4 Nf6 3. Nc3 Nbd7 4. Nf3 e5 5. Bc4 Be7 6. O-O O-O 7. a4 c6 8. Re1 Qc7 9. h3 h6 10. Ba2 Re8 11. dxe5 dxe5 12. Nh4 Nf8 13. Qf3 Be6 14. Nf5 Bxa2 15. Rxa2 Ne6 16. Be3 Rad8 17. Qg3 Kh7 18. Raa1 Bf8 19. Qh4 g5 20. Qg3 Nh5 21. Qf3 Nhf4 22. g3 Nxh3+ 23. Kg2 Nhf4+ 24. gxf4 gxf4 25. Bc1 Bc5 26. Rh1 Rg8+ 27. Kf1 Rg6 28. Rh5 Rdg8 29. Qh3 Bf8 30. Ke2 Qd7 31. Bd2 Ng5 32. Qd3 Qe6 33. Rah1 Bg7 34. b3 Bf8 35. Qc4 Qd7 36. Qd3 Qe6 37. Kd1 Bg7 38. Kc1 b5 39. axb5 cxb5 40. Qxb5 Rc8 41. Qd5 Qa6 42. Kb2 Qe6 43. Nxg7 Qxd5 44. exd5 Kxg7 45. f3 f5 46. Rf1 Rd8 47. Be1 a5 48. Bh4 Rc8 49. Bxg5 hxg5 50. Rg1 Kf6 51. Rh6 Rxh6 52. Nb5 Rh2 53. Rc1 g4 54. d6 g3 55. d7 Rd8 56. Rd1 g2 57. Rg1 Rxd7 0-1

[Event "December 19 Late 2023"]
[Site "https://www.chess.com"]
[Date "2023.12.19"]
[Round "7"]
[White "Filgueira, Hernan"]
[Black "Goltsev, Dmitry"]
[Result "0-1"]
[Board "44"]
[TimeControl "180+1"]
[WhiteFideId "101770"]
[BlackFideId "24176710"]
[WhiteElo "2363"]
[BlackElo "2370"]
[WhiteTeam "ARG"]
[BlackTeam "RUS"]
[WhiteClock "0:00:09"]
[BlackClock "0:00:16"]

1. e4 e6 2. d3 d5 3. Qe2 Bc5 4. Nf3 dxe4 5. dxe4 Nf6 6. h3 Nc6 7. c3 e5 8. Bg5 h6 9. Bh4 Be6 10. Nbd2 Qe7 11. Qb5 O-O 12. Bxf6 gxf6 13. Be2 Rfd8 14. Qa4 a6 15. Qc2 Kh7 16. Nh4 f5 17. Nxf5 Qg5 18. O-O-O Bxf2 19. h4 Qxg2 20. Bf3 Qg6 21. Rdf1 Bc5 22. Kb1 b5 23. Rh2 Rg8 24. Nb3 Bb6 25. Qe2 Bc4 26. h5 Qg5 27. Qd1 Bxf1 28. Qxf1 Qg1 29. Rh1 Qxf1+ 30. Rxf1 Rg1 31. Rxg1 Bxg1 32. Kc2 Rd8 33. Nc1 Bh2 34. Nd3 Bf4 35. Nc5 Rd2+ 36. Kb3 Rf2 37. Bg4 a5 38. a4 bxa4+ 39. Nxa4 Bc1 40. Bd1 Nd8 41. Bc2 Ne6 42. Bb1 Nc5+ 43. Nxc5 Rxb2+ 44. Kc4 Rxb1 45. Nd3 a4 46. Nxe5 a3 47. Nd4 a2 48. Nc2 a1=Q 49. Nxa1 Rxa1 50. Nxf7 Ra5 0-1

[Event "December 19 Late 2023"]
[Site "https://www.chess.com"]
[Date "2023.12.19"]
[Round "7"]
[White "Mokshanov, Alexey"]
[Black "mightysmasher"]
[Result "0-1"]
[Board "45"]
[TimeControl "180+1"]
[WhiteFideId "24121657"]
[WhiteElo "2278"]
[BlackElo "2530"]
[WhiteTeam "RUS"]
[WhiteClock "0:00:23"]
[BlackClock "0:00:17"]

1. e4 e6 2. d4 d5 3. e5 c5 4. c3 Nc6 5. Nf3 Qb6 6. a3 Bd7 7. b4 cxd4 8. cxd4 Rc8 9. Be3 Nh6 10. Bd3 Ng4 11. O-O Nxe3 12. fxe3 Be7 13. Nbd2 O-O 14. Kh1 h6 15. Nb3 a5 16. Nc5 Be8 17. Rb1 axb4 18. axb4 Qc7 19. e4 dxe4 20. Nxe4 Nxb4 21. Be2 Nc2 22. Qd2 b5 23. Bd3 Na3 24. Rbc1 Nc4 25. Qf2 Kh8 26. Qe2 Bc6 27. Ng3 Qd7 28. Nh5 Bxf3 29. Rxf3 Qxd4 30. Re1 Bb4 31. Nxg7 Bxe1 32. Qxe1 Qxe5 33. Qh4 Qxg7 34. Rf6 Ne5 35. Rxh6+ Kg8 36. Bh7+ Qxh7 37. Rxh7 Rc1+ 0-1

[Event "December 19 Late 2023"]
[Site "https://www.chess.com"]
[Date "2023.12.19"]
[Round "7"]
[White "Solon, Nathan"]
[Black "Crasyhealer"]
[Result "1-0"]
[Board "46"]
[TimeControl "180+1"]
[WhiteFideId "2017229"]
[WhiteElo "2668"]
[BlackElo "2486"]
[WhiteTeam "USA"]
[WhiteClock "0:00:12"]
[BlackClock "0:00:06"]

1. d4 Nf6 2. Bf4 d6 3. Nf3 g6 4. e3 Bg7 5. h3 O-O 6. Be2 Nfd7 7. Bh2 c5 8. O-O Nc6 9. c3 e5 10. Na3 cxd4 11. cxd4 e4 12. Nd2 d5 13. Nb5 Nb6 14. Rc1 Be6 15. Nd6 Qd7 16. Nb3 Qe7 17. Nc5 Nd8 18. Nb5 Qg5 19. Bf4 Qf6 20. Bd6 Qg5 21. Nxe6 Nxe6 22. Bxf8 Rxf8 23. Nc7 Nd8 24. Qb3 f5 25. f4 exf3 26. Bxf3 f4 27. Nxd5 Kh8 28. Nxf4 Bxd4 29. Nxg6+ Qxg6 30. exd4 Nf7 31. Qc2 Qg7 32. d5 Ng5 33. Qc3 Rf6 34. Bg4 Nxd5 35. Qc8+ Qg8 36. Qxg8+ Kxg8 37. Rxf6 Nxf6 38. Rc7 b5 39. Rxa7 Nge4 40. Rb7 Nd6 41. Rb6 Nfe4 42. Bf3 Nc4 43. Rxb5 Ned6 44. Bd5+ Kg7 45. Bxc4 Nxc4 46. a4 1-0

[Event "December 19 Late 2023"]
[Site "https://www.chess.com"]
[Date "2023.12.19"]
[Round "7"]
[White "Manukyan, Sargis A."]
[Black "Kazmaier, Daniel"]
[Result "0-1"]
[Board "47"]
[TimeControl "180+1"]
[WhiteFideId "13303970"]
[BlackFideId "2606089"]
[WhiteElo "2186"]
[BlackElo "2482"]
[WhiteTeam "ARM"]
[BlackTeam "CAN"]
[WhiteClock "0:00:14"]
[BlackClock "0:00:23"]

1. d4 g6 2. c4 Bg7 3. Nc3 d6 4. Nf3 f5 5. e4 fxe4 6. Nxe4 Nf6 7. Nxf6+ exf6 8. Qe2+ Qe7 9. Qxe7+ Kxe7 10. Bd3 Bg4 11. Nd2 Nc6 12. Nb3 a5 13. f3 a4 14. Nd2 Bd7 15. d5 Ne5 16. Be2 f5 17. a3 Bh6 18. Kf2 c5 19. Nf1 Bxc1 20. Rxc1 f4 21. Nd2 Bf5 22. g3 g5 23. Rhg1 Kf6 24. Rc3 h5 25. h4 fxg3+ 26. Rxg3 gxh4 27. Rg1 Rhg8 28. Rh1 Ng6 29. Bd3 Bxd3 30. Rxd3 Nf4 31. Ne4+ Ke5 32. Rd2 Rg2+ 33. Ke3 Rxd2 34. Nxd2 h3 35. Ne4 Rg8 36. Rh2 Rg2 37. Rxg2 hxg2 38. Kf2 h4 39. Ng5 h3 40. Nxh3 Nxh3+ 41. Kxg2 Nf4+ 42. Kg3 Nd3 43. Kg4 b6 44. Kg5 Kd4 45. f4 Nxf4 46. Kxf4 Kxc4 47. Ke4 b5 48. Ke3 Kxd5 49. Kd3 b4 50. Kc2 Kc4 51. Kd2 d5 52. Kc2 d4 53. axb4 cxb4 54. Kc1 Kb3 55. Kb1 d3 56. Kc1 a3 57. Kb1 d2 58. bxa3 d1=Q# 0-1

[Event "December 19 Late 2023"]
[Site "https://www.chess.com"]
[Date "2023.12.19"]
[Round "7"]
[White "petr577"]
[Black "Sturt, Raven"]
[Result "1-0"]
[Board "48"]
[TimeControl "180+1"]
[BlackFideId "2007304"]
[WhiteElo "2334"]
[BlackElo "2408"]
[BlackTeam "USA"]
[WhiteClock "0:01:48"]
[BlackClock "0:02:24"]

1. e4 e5 2. Nf3 Nc6 3. Bb5 f5 4. d3 fxe4 5. dxe4 Nf6 6. Nc3 Bc5 7. Qd3 d6 8. O-O Bg4 9. h3 Bh5 10. Ng5 Qd7 11. Nd5 h6 12. Ne6 Rc8 13. Nxc5 dxc5 14. Nxf6+ gxf6 15. Qxd7+ Kxd7 16. Be3 Kd6 17. g4 Be8 18. Rad1+ Ke6 19. Bc4+ Ke7 20. Bxc5# 1-0

[Event "December 19 Late 2023"]
[Site "https://www.chess.com"]
[Date "2023.12.19"]
[Round "7"]
[White "slidingknight2775"]
[Black "Hernandez Santos, David Ale"]
[Result "1-0"]
[Board "49"]
[TimeControl "180+1"]
[BlackFideId "5132002"]
[WhiteElo "2659"]
[BlackElo "1553"]
[BlackTeam "MEX"]
[WhiteClock "0:00:45"]
[BlackClock "0:00:00"]

1. Nf3 e6 2. g3 Nf6 3. Bg2 d5 4. O-O Be7 5. d4 O-O 6. c4 c5 7. cxd5 exd5 8. Nc3 Nc6 9. dxc5 Bxc5 10. Na4 Be7 11. Be3 Be6 12. Rc1 Rc8 13. Nc5 Bxc5 14. Bxc5 Re8 15. Nd4 b6 16. Nxc6 Rxc6 17. Bd4 Rxc1 18. Qxc1 Nd7 19. Qc3 f6 20. Rc1 Qb8 21. Qc7 Ne5 22. Qxb8 Rxb8 23. Rc7 a6 24. Bxe5 fxe5 25. Re7 Bf7 26. Rxe5 d4 27. Bd5 Rc8 28. b4 1-0

[Event "December 19 Late 2023"]
[Site "https://www.chess.com"]
[Date "2023.12.19"]
[Round "7"]
[White "Lin, Bryan Enming"]
[Black "FontVella8"]
[Result "0-1"]
[Board "50"]
[TimeControl "180+1"]
[WhiteFideId "30987121"]
[WhiteElo "2565"]
[BlackElo "2806"]
[WhiteTeam "USA"]
[WhiteClock "0:00:32"]
[BlackClock "0:00:10"]

1. e4 c6 2. Nf3 d5 3. exd5 cxd5 4. Ne5 a6 5. d4 Nc6 6. c4 Nf6 7. Nxc6 bxc6 8. Nd2 Bg4 9. Qc2 Qb6 10. c5 Qb7 11. Bd3 e6 12. O-O Be7 13. Rb1 a5 14. a3 a4 15. b4 axb3 16. Rxb3 Qc7 17. h3 Bh5 18. Re1 O-O 19. Nb1 Rfb8 20. Nc3 Rxb3 21. Qxb3 Rb8 22. Qc2 Bg6 23. Bxg6 hxg6 24. Bg5 Bf8 25. Bh4 Qa5 26. Bg3 Ra8 27. a4 Qb4 28. Rd1 Nd7 29. f4 Be7 30. Bf2 g5 31. Rb1 Qc4 32. Rb7 Rd8 33. Qb3 Qxb3 34. Rxb3 gxf4 35. Rb7 e5 36. Rc7 exd4 37. Bxd4 Bxc5 38. Bxc5 Nxc5 39. Rxc6 Ne4 40. Ne2 d4 41. Rc4 f3 42. Rxd4 f2+ 43. Kf1 Re8 44. g4 g6 45. Rd5 Kg7 46. a5 Rb8 47. Rd1 Rb3 48. Kg2 Re3 49. Nf4 Re1 0-1

[Event "December 19 Late 2023"]
[Site "https://www.chess.com"]
[Date "2023.12.19"]
[Round "7"]
[White "Womacka, Mathias"]
[Black "Ghasi, Ameet K"]
[Result "0-1"]
[Board "51"]
[TimeControl "180+1"]
[WhiteFideId "4611390"]
[BlackFideId "409200"]
[WhiteElo "2376"]
[BlackElo "2558"]
[WhiteTeam "GER"]
[BlackTeam "ENG"]
[WhiteClock "0:00:07"]
[BlackClock "0:00:09"]

1. e4 g6 2. d4 Bg7 3. Nc3 d6 4. f4 e6 5. Nf3 Ne7 6. Bd3 Nd7 7. O-O c5 8. Nb5 Qb6 9. e5 dxe5 10. fxe5 O-O 11. Be3 Nf5 12. Bxf5 exf5 13. Nd6 cxd4 14. Bxd4 Qc6 15. Qd3 Nc5 16. Qc4 Ne6 17. Qxc6 bxc6 18. Bc3 Ba6 19. Rfe1 c5 20. Rad1 Rfd8 21. Kf2 Bf8 22. Bd2 h6 23. g3 Rab8 24. b3 Rd7 25. Be3 Rc7 26. c4 Bb7 27. Rd2 Bc6 28. Red1 a5 29. h4 a4 30. Rd3 axb3 31. axb3 Ra7 32. Nd2 Kg7 33. Ke1 Be7 34. Nb1 Ra2 35. Nc3 Rg2 36. Bf2 Rxb3 37. Nd5 Rxd3 38. Rxd3 Bd8 39. Nb5 Rh2 40. Kf1 f4 41. g4 Bxh4 42. Bxh4 Rxh4 43. Ne7 Be4 44. Rd7 Rh2 45. Nd6 Bf3 46. Nd5 Ng5 47. e6 Bxg4 48. e7 Bxd7 49. Nb6 Bc6 50. Nd5 Rd2 51. Nc7 Rxd6 52. e8=Q Bxe8 53. Nxe8+ Kf8 54. Nxd6 Ne6 55. Ne4 Ke7 56. Kf2 f5 57. Kf3 fxe4+ 58. Kxe4 Kd6 59. Kf3 Ke5 60. Ke2 h5 61. Kd2 g5 62. Ke2 g4 63. Kf2 h4 64. Ke2 h3 65. Kf2 g3+ 66. Ke2 Ke4 67. Kd2 h2 68. Kc3 g2 0-1

[Event "December 19 Late 2023"]
[Site "https://www.chess.com"]
[Date "2023.12.19"]
[Round "7"]
[White "Rodgers, Jack"]
[Black "Postny, Evgeny"]
[Result "0-1"]
[Board "52"]
[TimeControl "180+1"]
[WhiteFideId "3220885"]
[BlackFideId "2804344"]
[WhiteElo "2107"]
[BlackElo "2505"]
[WhiteTeam "AUS"]
[BlackTeam "ISR"]
[WhiteClock "0:00:03"]
[BlackClock "0:00:35"]

1. d4 Nf6 2. Bg5 e6 3. e4 h6 4. Bxf6 Qxf6 5. Nf3 d6 6. Nc3 g6 7. Bb5+ Nd7 8. O-O Bg7 9. Re1 O-O 10. a4 c6 11. Bd3 e5 12. d5 Qe7 13. Qd2 Kh7 14. Rad1 Rd8 15. h4 Nf6 16. b4 a5 17. dxc6 bxc6 18. b5 Bb7 19. bxc6 Bxc6 20. Bb5 Bb7 21. Nd5 Bxd5 22. exd5 Nh5 23. g4 Nf6 24. g5 Nh5 25. Nd4 Qc7 26. Nc6 Re8 27. Re4 Nf4 28. Rxf4 exf4 29. Qxf4 Qb6 30. h5 hxg5 31. Qxf7 Rf8 32. Qxg6+ Kh8 33. Nd4 Bxd4 34. Qh6+ Kg8 35. Qg6+ Bg7 36. Rd2 Rxf2 37. Rxf2 Rf8 38. Qe6+ Kh8 39. Qe2 Rxf2 40. Qe8+ Rf8+ 41. Kg2 0-1

[Event "December 19 Late 2023"]
[Site "https://www.chess.com"]
[Date "2023.12.19"]
[Round "7"]
[White "Dyachuk, Artem"]
[Black "Tifferet, Shakked"]
[Result "1-0"]
[Board "53"]
[TimeControl "180+1"]
[WhiteFideId "34107924"]
[BlackFideId "2811529"]
[WhiteElo "2244"]
[BlackElo "2142"]
[WhiteTeam "UKR"]
[BlackTeam "ISR"]
[WhiteClock "0:00:09"]
[BlackClock "0:00:16"]

1. e4 c5 2. Nf3 Nc6 3. Bb5 g6 4. O-O Bg7 5. Bxc6 dxc6 6. h3 e5 7. c3 Ne7 8. d3 O-O 9. Be3 b6 10. Qd2 f5 11. Bh6 fxe4 12. Bxg7 exf3 13. Bxf8 Qxf8 14. Qe3 fxg2 15. Re1 Nd5 16. Qxe5 Bxh3 17. Nd2 Nf4 18. Re3 Rd8 19. Ne4 Nxd3 20. Nf6+ Kf7 21. Qg3 Bf5 22. Nxh7 Qh6 23. Ng5+ Kf6 24. Nh3 Rh8 25. Qd6+ Kg7 26. Re7+ Kg8 27. Qd8+ Qf8 28. Re8 Kf7 29. Rxf8+ Rxf8 30. Ng5+ Kg7 31. Qe7+ Kh6 32. Qxf8+ Kxg5 33. Qd8+ Kg4 34. Qd6 Nf4 35. Qd1+ Kh3 36. Qf3+ Kh4 37. Qxf4+ Bg4 38. Qg3+ Kg5 39. f3 Kf5 40. Qxg4+ Ke5 41. Kxg2 c4 42. Qxg6 Kd5 43. Rd1+ Kc5 44. Rd6 Kb5 45. Rxc6 a5 46. Rxb6+ Ka4 47. Rc6 Kb5 48. Qe6 Ka4 49. f4 Kb5 50. f5 a4 51. Rxc4 a3 52. b3 Ka5 53. f6 Kb5 54. f7 Ka5 55. f8=Q Kb5 56. Kf3 Ka5 57. Qxa3+ Kb5 58. Qf8 Ka5 59. Qe1 Kb5 60. Qb1 Ka5 61. Rd4 Kb5 62. Rd5+ Kc6 63. Ke4 Kb7 64. c4 Ka6 65. b4 Kb6 66. Ke5 Ka6 67. a4 Kb7 68. a5 Ka6 69. Rd6+ Ka7 70. Kd5 Kb7 71. c5 Ka7 72. b5 Kb7 73. Qe4 Ka7 74. Qe5 Kb7 75. c6+ Ka7 76. b6+ Ka6 77. Qa8+ Kb5 78. c7 Kb4 79. c8=Q Kb5 80. b7 Ka4 81. b8=Q Ka3 82. a6 Ka4 83. a7 Ka5 84. Qab7 Ka4 85. Rb6 Ka5 86. Kc6+ Ka4 87. Qb5+ Ka3 88. Qb1 Ka4 89. Qb8c7 Ka5 90. Qbb8 Ka4 91. Rb7 Ka3 92. Kb6 Ka4 93. Ka6 Ka3 94. a8=Q Ka4 95. Kb6# 1-0

[Event "December 19 Late 2023"]
[Site "https://www.chess.com"]
[Date "2023.12.19"]
[Round "7"]
[White "Kucza, Karol"]
[Black "Tao, Sihan"]
[Result "0-1"]
[Board "54"]
[TimeControl "180+1"]
[WhiteFideId "1159755"]
[BlackFideId "30982677"]
[WhiteElo "2307"]
[BlackElo "1943"]
[WhiteTeam "POL"]
[BlackTeam "USA"]
[WhiteClock "0:00:00"]
[BlackClock "0:00:18"]

1. e4 c5 2. Nf3 d6 3. d4 cxd4 4. Nxd4 Nf6 5. Nc3 Nc6 6. Bg5 e6 7. Qd2 a6 8. O-O-O Bd7 9. f4 Be7 10. Nf3 b5 11. Bxf6 gxf6 12. Bd3 Qb6 13. Kb1 O-O-O 14. f5 Kb8 15. Ne2 Ne5 16. Nfd4 Rc8 17. Rhf1 Rhg8 18. g3 h5 19. fxe6 fxe6 20. c3 Ng6 21. Bc2 Ka7 22. Bb3 d5 23. exd5 e5 24. Nf5 Bc5 25. d6 Rgd8 26. Qh6 Nf4 27. gxf4 Bxf5+ 28. Ka1 Bg4 29. d7 Rc7 30. Rde1 Bf2 31. fxe5 Bxe1 32. Rxe1 fxe5 33. Qg5 Rcxd7 34. Ng3 Qf2 35. Rb1 Qxh2 36. Nxh5 Qxh5 37. Qe3+ Kb7 38. Qe4+ Kb8 39. Qc6 Rd6 40. Qc5 Qf7 41. Qxe5 Qc7 42. Qf4 Bc8 43. Qb4 Be6 44. Bc2 Bc8 45. a4 Bb7 0-1

[Event "December 19 Late 2023"]
[Site "https://www.chess.com"]
[Date "2023.12.19"]
[Round "7"]
[White "D`Arruda, Ricardo D."]
[Black "Gubajdullin, Alexei"]
[Result "0-1"]
[Board "55"]
[TimeControl "180+1"]
[WhiteFideId "100692"]
[BlackFideId "4141202"]
[WhiteElo "2545"]
[BlackElo "2274"]
[WhiteTeam "ARG"]
[BlackTeam "RUS"]
[WhiteClock "0:00:08"]
[BlackClock "0:01:56"]

1. d4 Nf6 2. Nf3 c5 3. d5 e6 4. Nc3 b5 5. e4 b4 6. e5 bxc3 7. exf6 Qxf6 8. bxc3 Qxc3+ 9. Bd2 Qf6 10. Bg5 Qc3+ 11. Bd2 Qa3 12. Bc4 Ba6 13. Qe2 Bxc4 14. Qxc4 Qa6 15. Qe4 f5 16. Qe3 Be7 17. c4 Qxc4 18. Rc1 Qxd5 19. O-O Nc6 20. Bc3 O-O 21. Rfd1 Nd4 22. Nxd4 cxd4 23. Rxd4 Qb7 24. Rcd1 Bc5 25. Qe5 Bxd4 26. Bxd4 Rf7 27. h4 Qd5 28. Qf4 Rc8 29. h5 d6 30. Rd2 e5 0-1

[Event "December 19 Late 2023"]
[Site "https://www.chess.com"]
[Date "2023.12.19"]
[Round "7"]
[White "Hasanagic, Anel"]
[Black "Srinath, Rao S.V."]
[Result "0-1"]
[Board "56"]
[TimeControl "180+1"]
[WhiteFideId "14605791"]
[BlackFideId "5028876"]
[WhiteElo "2209"]
[BlackElo "2198"]
[WhiteTeam "SLO"]
[BlackTeam "IND"]
[WhiteClock "0:01:17"]
[BlackClock "0:01:38"]

1. Nf3 d5 2. b3 Nc6 3. Bb2 Bg4 4. e3 Nf6 5. h3 Bh5 6. g4 Bg6 7. Nh4 e5 8. Bg2 Be7 9. O-O Ne4 10. Nxg6 hxg6 11. d3 Ng5 12. Kh2 Bd6 13. e4 Qf6 14. Nd2 Qf4+ 15. Kg1 Nxh3+ 16. Bxh3 Rxh3 17. Re1 O-O-O 18. exd5 Rdh8 19. Kf1 Rh1+ 20. Ke2 Qxg4+ 21. f3 R8h2+ 0-1

[Event "December 19 Late 2023"]
[Site "https://www.chess.com"]
[Date "2023.12.19"]
[Round "7"]
[White "Lizak, Peter"]
[Black "Makaraci, Tunahan"]
[Result "1/2-1/2"]
[Board "57"]
[TimeControl "180+1"]
[WhiteFideId "731595"]
[BlackFideId "6356559"]
[WhiteElo "2420"]
[BlackElo "2112"]
[WhiteTeam "HUN"]
[BlackTeam "TUR"]
[WhiteClock "0:00:12"]
[BlackClock "0:00:07"]

1. d4 d5 2. Nc3 Nf6 3. Bf4 c5 4. e3 cxd4 5. exd4 a6 6. Nf3 Nc6 7. Ne5 e6 8. Be2 Bd6 9. Nxc6 bxc6 10. Bxd6 Qxd6 11. Na4 O-O 12. O-O Nd7 13. c3 c5 14. dxc5 Nxc5 15. Nxc5 Qxc5 16. Qd4 Qc7 17. h4 Bb7 18. h5 e5 19. Qg4 f5 20. Qg5 h6 21. Qh4 e4 22. f4 Qb6+ 23. Qf2 Rf6 24. Rfd1 Rc8 25. Rac1 Kf8 26. b3 a5 27. c4 Qxf2+ 28. Kxf2 dxc4 29. Bxc4 Rfc6 30. Rd5 Rc5 31. Rxc5 Rxc5 32. Rd1 Ke7 33. Ke3 a4 34. Kd4 Rc7 35. Ke5 Rc5+ 36. Kd4 Rc7 37. Ke3 a3 38. Rd4 Rd7 39. Rxd7+ Kxd7 40. Kd4 Kd6 41. g3 Bc8 42. Bf7 Be6 43. Bxe6 Kxe6 44. g4 fxg4 45. Kxe4 Kd6 46. f5 Kc5 47. Kf4 Kd4 48. Kxg4 Kc3 49. f6 gxf6 50. Kf5 Kb2 51. b4 Kxa2 52. b5 Kb1 53. b6 a2 54. b7 a1=Q 55. b8=Q+ Kc2 56. Qh2+ Kd3 57. Qg3+ Ke2 58. Qg4+ Kd3 59. Kg6 Qe5 60. Kxh6 f5 61. Qf3+ Qe3+ 62. Qxe3+ Kxe3 63. Kg5 f4 64. h6 f3 65. h7 f2 66. h8=Q f1=Q 67. Qc3+ Ke2 68. Qc4+ Kf2 69. Qxf1+ Kxf1 1/2-1/2

[Event "December 19 Late 2023"]
[Site "https://www.chess.com"]
[Date "2023.12.19"]
[Round "7"]
[White "Rees, Ioan"]
[Black "Antunez Soler, Luis"]
[Result "0-1"]
[Board "58"]
[TimeControl "180+1"]
[WhiteFideId "1801236"]
[BlackFideId "3513335"]
[WhiteElo "2270"]
[BlackElo "2154"]
[WhiteTeam "WLS"]
[BlackTeam "CUB"]
[WhiteClock "0:00:14"]
[BlackClock "0:00:28"]

1. e4 e6 2. d4 d5 3. e5 c5 4. c3 Nc6 5. Nf3 Qb6 6. Be2 Nh6 7. Bxh6 gxh6 8. O-O Qxb2 9. Nbd2 Qxc3 10. Rc1 Qa3 11. dxc5 Bxc5 12. Nb3 Bf8 13. Nbd4 Bd7 14. Qd2 a6 15. Nxc6 bxc6 16. Rb1 Bg7 17. Rb7 Qe7 18. Nd4 Rc8 19. Bxa6 Bxe5 20. Re1 Qf6 21. Rb4 c5 22. Bxc8 cxb4 23. Bxd7+ Kxd7 24. Qxb4 Bxd4 25. Qb7+ Ke8 26. Qc8+ Ke7 27. Qc7+ Kf8 28. Qb8+ Kg7 29. Qg3+ Qg6 30. Qd3 Qxd3 0-1

[Event "December 19 Late 2023"]
[Site "https://www.chess.com"]
[Date "2023.12.19"]
[Round "7"]
[White "Ang, Ern Jie Anderson"]
[Black "Sadovsky, Artem"]
[Result "1-0"]
[Board "59"]
[TimeControl "180+1"]
[WhiteFideId "5736200"]
[BlackFideId "4155840"]
[WhiteElo "1941"]
[BlackElo "2314"]
[WhiteTeam "MAS"]
[BlackTeam "FID"]
[WhiteClock "0:01:20"]
[BlackClock "0:00:00"]

1. d4 g6 2. c4 Bg7 3. Nf3 d6 4. g3 e5 5. dxe5 dxe5 6. Qxd8+ Kxd8 7. Nc3 f6 8. h4 Be6 9. b3 Nd7 10. Bh3 Bxh3 11. Rxh3 Ne7 12. h5 g5 13. g4 c6 14. Ba3 Bf8 15. Bxe7+ Bxe7 16. Nd2 Bb4 17. Nde4 Ke7 18. O-O-O Bxc3 19. Rxc3 Rhd8 20. Rcd3 h6 21. Nd6 Nc5 22. Nf5+ Ke8 23. Ng7+ Ke7 24. Nf5+ Ke8 25. Rxd8+ Rxd8 26. Rxd8+ Kxd8 27. Nxh6 Ke7 28. Nf5+ Kf7 29. f3 a5 30. Kd2 Kf8 31. Kc3 b6 32. a3 Ne6 33. e3 Nc5 34. b4 axb4+ 35. axb4 Ne6 36. Nd6 Nc7 37. Kd3 Na6 38. b5 cxb5 39. cxb5 Nc5+ 40. Kc4 Na4 41. Kd5 Ke7 42. Kc6 Ke6 43. h6 1-0

[Event "December 19 Late 2023"]
[Site "https://www.chess.com"]
[Date "2023.12.19"]
[Round "7"]
[White "Spata, German"]
[Black "Chylewski, Patryk"]
[Result "0-1"]
[Board "60"]
[TimeControl "180+1"]
[WhiteFideId "113026"]
[BlackFideId "1186191"]
[WhiteElo "2260"]
[BlackElo "2176"]
[WhiteTeam "ARG"]
[BlackTeam "POL"]
[WhiteClock "0:00:02"]
[BlackClock "0:00:30"]

1. Nf3 c5 2. b3 Nc6 3. Bb2 d6 4. c4 e5 5. Nc3 g6 6. g3 Bg7 7. d3 Nge7 8. Bg2 O-O 9. O-O h6 10. a3 Be6 11. b4 cxb4 12. axb4 Nxb4 13. Qb3 Nbc6 14. Ba3 Rb8 15. Rfb1 Qd7 16. Qa4 Rfd8 17. Ne4 Nc8 18. Ra2 f5 19. Ned2 d5 20. cxd5 Bxd5 21. Rc2 Nb6 22. Qb5 g5 23. Bc5 Nc8 24. e4 fxe4 25. Nxe4 Be6 26. Rc3 a6 27. Qa4 Nd4 28. Qxd7 Nxf3+ 29. Bxf3 Rxd7 30. Be3 Ne7 31. Nc5 Rc7 32. Rcc1 Bd5 33. Bxd5+ Nxd5 34. Nxa6 Rxc1+ 35. Bxc1 Rc8 36. Bxg5 bxa6 37. Bd2 Rc2 38. Ba5 Ra2 39. Bd8 Nc3 40. Rb8 Kh7 41. Rb7 Kg6 42. Rb6+ Kf5 43. Rb7 Bf6 44. Rf7 Nd5 45. Rd7 Ke6 46. Rxd5 Kxd5 47. Bxf6 a5 0-1

[Event "December 19 Late 2023"]
[Site "https://www.chess.com"]
[Date "2023.12.19"]
[Round "7"]
[White "Kotlyar, Kirill"]
[Black "Rodriguez Fontecha, Marcos"]
[Result "1-0"]
[Board "61"]
[TimeControl "180+1"]
[WhiteFideId "24145599"]
[BlackFideId "2256576"]
[WhiteElo "2397"]
[BlackElo "2249"]
[WhiteTeam "RUS"]
[BlackTeam "ESP"]
[WhiteClock "0:01:24"]
[BlackClock "0:00:00"]

1. e4 e6 2. Nf3 Nf6 3. Nc3 d5 4. e5 Nfd7 5. d4 c5 6. dxc5 Bxc5 7. Bd3 Nc6 8. Bf4 Qb6 9. O-O Qxb2 10. Nb5 O-O 11. Bd2 d4 12. Qe2 a6 13. Rfb1 Qxb1+ 14. Rxb1 axb5 15. Bxh7+ Kxh7 16. Ng5+ Kg6 17. Qd3+ f5 18. Qg3 f4 19. Bxf4 Kf5 20. Nf3 Be7 21. Re1 Rxa2 22. h3 g5 23. Bxg5 Kg6 24. Bxe7+ Kf7 25. Bxf8 Kxf8 26. Qf4+ Ke7 27. Nxd4 Ra4 28. Nxc6+ bxc6 29. Qg5+ Ke8 30. Re3 1-0

[Event "December 19 Late 2023"]
[Site "https://www.chess.com"]
[Date "2023.12.19"]
[Round "7"]
[White "Essing, Arnold"]
[Black "Mkrtchyan, Mikayel"]
[Result "0-1"]
[Board "62"]
[TimeControl "180+1"]
[WhiteFideId "4619862"]
[BlackFideId "13305743"]
[WhiteElo "2257"]
[BlackElo "2033"]
[WhiteTeam "GER"]
[BlackTeam "ARM"]
[WhiteClock "0:00:00"]
[BlackClock "0:00:12"]

1. d4 d5 2. Nf3 Nf6 3. c4 e6 4. Nc3 c5 5. e3 Nc6 6. a3 dxc4 7. Bxc4 a6 8. O-O b5 9. Be2 Bb7 10. dxc5 Qxd1 11. Rxd1 Bxc5 12. b4 Be7 13. Bb2 O-O 14. Nd2 Rfd8 15. Bf3 Nd7 16. Nb3 Nde5 17. Ne4 Nc4 18. Bc3 N6e5 19. Kf1 Nxf3 20. gxf3 Bxe4 21. fxe4 Rac8 22. Bd4 e5 23. Bc5 Kf8 24. Bxe7+ Kxe7 25. Ke2 Rxd1 26. Kxd1 g6 27. Nc5 a5 28. Nd3 a4 29. Ke2 Rd8 30. f3 f6 31. Ra2 f5 32. exf5 gxf5 33. Nc5 Rg8 34. Kf2 h5 35. h3 h4 36. Rc2 Nxa3 37. Rd2 Rd8 38. Ra2 Nc4 39. e4 f4 40. Ke2 Rg8 41. Kf2 Ne3 42. Rd2 Rg2+ 43. Ke1 Nc2+ 44. Kd1 Rxd2+ 45. Kxd2 Nxb4 0-1

[Event "December 19 Late 2023"]
[Site "https://www.chess.com"]
[Date "2023.12.19"]
[Round "7"]
[White "Gabuzyan, Hovhannes"]
[Black "Novak, Ratko"]
[Result "0-1"]
[Board "63"]
[TimeControl "180+1"]
[WhiteFideId "13303732"]
[BlackFideId "14511827"]
[WhiteElo "2486"]
[BlackElo "2036"]
[WhiteTeam "ARM"]
[BlackTeam "CRO"]
[WhiteClock "0:00:00"]
[BlackClock "0:00:35"]

1. e4 d5 2. exd5 c6 3. dxc6 Nxc6 4. Bb5 Qd5 5. Bxc6+ Qxc6 6. Nf3 b6 7. O-O Bb7 8. d4 e6 9. Bf4 Rd8 10. c3 Nf6 11. Nbd2 Be7 12. Qe2 h6 13. h3 Nd5 14. Be5 O-O 15. Rfe1 b5 16. Ne4 a6 17. Qd2 Nb6 18. Bh2 f5 19. Ne5 Qd5 20. Ng6 Rf7 21. Nf4 Qc6 22. Ng3 Bg5 23. Rxe6 Qd7 24. Rxb6 Qc7 25. Rxb7 Qxb7 26. Nge2 b4 27. Qd3 bxc3 28. bxc3 Re7 29. Rf1 Rde8 0-1